 Dungeon Crawl Stone Soup version 0.29.1-13-g9f3cf754e1 (webtiles) character file.

Game seed: 6105059540120484109

255330 shadowmeld the Eclecticist (level 20, -6/234 HPs)
             Began as a Djinni Ice Elementalist on Feb 3, 2023.
             Was the Champion of Ashenzari.
             Mangled by an azure jelly (9 damage)
             ... on level 2 of the Pits of Slime.
             The game lasted 05:36:34 (38101 turns).

shadowmeld the Eclecticist (DjIE)                  Turns: 38101, Time: 05:36:35

Health: -6/234     AC: 30    Str: 13    XL:     20   Next: 58%
Gold:   1875       EV: 10    Int: 31    God:    Ashenzari [******] SH:  9 Dex: 15

rFire   + + .      SeeInvis +   J - +8 trident "Chained Yoke" {flame, Str+6, Cun, Self} (curse)
rCold   + . .      Faith    .   Y - +3 buckler "Suspicion of Ashenzari" {Self, Evo} (curse)
rNeg    . . .      Spirit   .   W - +8 plate armour "Oracular Suspicion" {ponderous, Cun, Fort} (curse)
rPois   ∞          Reflect  .   U - +3 helmet of the Esoteric Portent {rCorr, Cun, Self} (curse)
rElec   .          Harm     .   A - scarf of the Eternal Sage {rC+ rF+, Self, Evo} (curse)
rCorr   +          Rampage  .   O - +0 pair of gloves of Ashenzari's Soothsayer {Cun, Range} (curse)
Will    ++...      Clarity  +   (boots unavailable)
Stlth   ..........              x - amulet of the Gnostic Gnosis {Regen+, Fort, Self} (curse)
HPRegen 1.29/turn               m - ring "Chained With Me" {Ice, Cun, Self} (curse)
MPRegen 0.00/turn               B - ring "Tethered With Me" {Int+6, Melee, Self} (curse)

@: berserking, engulfed, forested, flying, very quick
A: sickness immunity, fire resistance 2, cold vulnerability 1, float, innate
caster, HP casting, extra vitality 1, frail 1
}: 2/15 runes: barnacled, gossamer
a: Renounce Religion, Shatter the Chains


You were on level 2 of the Pits of Slime.
You worshipped Ashenzari.
Ashenzari was exalted by your worship.
You visited 7 branches of the dungeon, and saw 33 of its levels.
You visited 1 bazaar.
You also visited: Bailey and Gauntlet.

You collected 4461 gold pieces.
You spent 2586 gold pieces at shops.

Inventory:

Hand Weapons
 E - a +9 demon trident
 J - the cursed +8 trident "Chained Yoke" (weapon) {flame, Str+6, Cun, Self}
   (You took it off a spriggan on level 9 of the Dungeon)

   It burns those it strikes, dealing additional fire damage.
   Str:       It affects your strength (+6).
   It has a curse which improves the following skills: Cunning: Dodging and
   Stealth.
   Introspection: Fighting and Spellcasting.
Missiles
 u - 35 poisoned darts
Armour
 a - a +9 plate armour of ponderousness
 d - a +0 hat of stealth
 k - a +0 pair of gloves
 n - a scarf of invisibility
 o - a +2 troll leather armour
 A - the cursed scarf of the Eternal Sage (worn) {rC+ rF+, Self, Evo}
   (You found it on level 4 of the Spider Nest)

   It has a curse which improves the following skills: Introspection: Fighting
   and Spellcasting.
   Evocations: Evocations.
 I - a +0 buckler
 O - the cursed +0 pair of gloves of Ashenzari's Soothsayer (worn) {Cun, Range}
   (You found it on level 11 of the Dungeon)

   It has a curse which improves the following skills: Cunning: Dodging and
   Stealth.
   Ranged Combat: Ranged Weapons and Throwing.
 U - the cursed +3 helmet of the Esoteric Portent (worn) {rCorr, Cun, Self}
   (You found it in a Gauntlet)

   rCorr:     It protects you from acid and corrosion.
   It has a curse which improves the following skills: Cunning: Dodging and
   Stealth.
   Introspection: Fighting and Spellcasting.
 W - the cursed +8 plate armour "Oracular Suspicion" (worn) {ponderous, Cun, Fort}
   (You took it off a minotaur in a Gauntlet)

   It has a curse which improves the following skills: Cunning: Dodging and
   Stealth.
   Fortitude: Armour and Shields.
 Y - the cursed +3 buckler "Suspicion of Ashenzari" (worn) {Self, Evo}
   (You took it off a tengu conjurer on level 13 of the Dungeon)

   It has a curse which improves the following skills: Introspection: Fighting
   and Spellcasting.
   Evocations: Evocations.
Jewellery
 h - a ring of ice
 m - the cursed ring "Chained With Me" (left hand) {Ice, Cun, Self}
   (You found it on level 5 of the Dungeon)

   [ring of ice]

   It enhances your ice magic.
   rF:        It makes you vulnerable to fire.
   rC:        It protects you from cold.
   It has a curse which improves the following skills: Cunning: Dodging and
   Stealth.
   Introspection: Fighting and Spellcasting.
 x - the cursed amulet of the Gnostic Gnosis (around neck) {Regen+, Fort, Self}
   (You bought it in a shop on level 2 of the Orcish Mines)

   [amulet of regeneration]

   Regen:     It increases your rate of health regeneration.
   It has a curse which improves the following skills: Fortitude: Armour and
   Shields.
   Introspection: Fighting and Spellcasting.
 y - a +6 ring of dexterity
 B - the cursed ring "Tethered With Me" (right hand) {Int+6, Melee, Self}
   (You bought it in a shop on level 2 of the Orcish Mines)

   [ring of intelligence]

   Int:       It affects your intelligence (+6).
   It has a curse which improves the following skills: Melee Combat: Short
   Blades, Long Blades, Axes, Maces & Flails, Polearms, Staves and Unarmed
   Combat.
   Introspection: Fighting and Spellcasting.
 D - a +4 ring of protection
 G - a +6 ring of intelligence
 K - a ring of positive energy
 P - the ring of Circularity {rC+ Will+ Int+2}
   (You found it on level 4 of the Shoals)

   [ring of willpower]

   Int:       It affects your intelligence (+2).
   rC:        It protects you from cold.
   Will:      It increases your willpower.
Wands
 L - a wand of flame (14)
 R - a wand of roots (5)
 S - a wand of digging (12)
 T - a wand of light (9)
 X - a wand of mindburst (16)
Scrolls
 c - 2 scrolls of blinking
 g - 3 scrolls of magic mapping
 p - 6 scrolls of fear
 q - 12 scrolls of teleportation
 r - 3 scrolls of brand weapon
 s - 7 scrolls of immolation
 t - 5 scrolls of poison
 w - 3 scrolls of silence
 C - 3 scrolls of enchant weapon
 F - 3 scrolls of fog
Potions
 b - 2 potions of curing
 e - 6 potions of invisibility
 f - 5 potions of brilliance
 i - 10 potions of ambrosia
 j - 6 potions of cancellation
 l - 7 potions of haste
 v - 2 potions of resistance
 H - 3 potions of might
 V - a potion of heal wounds
Miscellaneous
 z - a lightning rod (4/4)
 M - a phial of floods
 N - a phantom mirror
 Q - a box of beasts


   Skills:
 * Level 15.3(24.3) Fighting
 + Level 6.7(9.4) Polearms
 + Level 9.0(12.9) Armour
 * Level 13.5(20.7) Dodging
 - Level 1.5(5.8) Stealth
 + Level 5.9(9.8) Shields
 * Level 20.6(27) Spellcasting


You had 23 spell levels left.
You knew the following spells:

 Your Spells              Type           Power      Damage    Failure   Level
a - Freeze                Ice            100%       1d11      0%          1
b - Frozen Ramparts       Ice            100%       1d16      0%          3
c - Ozocubu's Armour      Ice            100%       N/A       0%          3
d - Hailstorm             Conj/Ice       100%       3d20      0%          4
e - Necrotise             Necr           100%       1d9       0%          1
f - Static Discharge      Conj/Air       100%       3-16/arc  0%          2
g - Confusing Touch       Hex            100%       N/A       0%          3
h - Summon Ice Beast      Ice/Summ       100%       N/A       0%          4
i - Alistair's Intoxicat  Tmut/Pois      78%        N/A       0%          5
j - Summon Forest         Summ/Tloc      59%        N/A       0%          5
k - Eringya's Noxious Bo  Tmut/Pois      59%        N/A       1%          6
l - Enfeeble              Hex            59%        N/A       1%          7
m - Death Channel         Necr           59%        N/A       1%          6
Your spell library was empty.

Dungeon Overview and Level Annotations

Branches:
Dungeon (15/15)            Temple (1/1) D:4            Lair (5/5) D:11
 Shoals (4/4) Lair:2       Spider (4/4) Lair:2        Slime (2/5) Lair:5
    Orc (2/2) D:11            Elf (0/3) Orc:2        Vaults (0/5) D:13
 Depths (0/4) D:15         Bailey (visited)         Gauntlet (visited)

Altars:
Ashenzari
Cheibriados
Dithmenos
Elyvilon
Fedhas
Gozag
Hepliaklqana
Makhleb
Nemelex Xobeh
Okawaru
Qazlal
Ru
Trog
Uskayaw
Wu Jian
Xom
Yredelemnul
Zin
The Shining One
Jiyva

Shops:
D:8 (   D:12 [   D:15 ?   Orc:2 [=((   Shoals:2 **


Innate Abilities, Weirdness & Mutations

You are immune to sickness and miasma.
You are immune to poison.
Your flesh is very heat resistant. (rF++)
You are vulnerable to cold. (rC-)
You float through the air rather than walking.
You learn spells naturally, not from books.
Your magical power is your life essence.
You have superior vitality. (+4 MHP)
You are frail. (-10% HP)


Message History

The azure jelly hits you but does no damage.
The azure jelly closely misses you.
The azure jelly hits you but does no damage.
You puncture the azure jelly! You burn the azure jelly.
The azure jelly is heavily wounded.
Your ice beast hits the azure jelly.
Your ice beast freezes the azure jelly!
The azure jelly resists.
You strike the helpless azure jelly from behind!
You hit the azure jelly but do no damage.
The azure jelly is severely wounded.
The azure jelly hits you but does no damage.
The azure jelly completely misses you.
The azure jelly hits you but does no damage. x2
Two slime creatures merge to form a large slime creature.
The quicksilver ooze hits you.
* * * LOW HITPOINT WARNING * * *
The quicksilver ooze hits you but does no damage.
You puncture the large slime creature! You burn the large slime creature.
The large slime creature is heavily wounded.
Your ice beast hits the azure jelly.
Your ice beast freezes the azure jelly!
The azure jelly resists.
The azure jelly hits you.
* * * LOW HITPOINT WARNING * * *
The azure jelly freezes you! You resist.
* * * LOW HITPOINT WARNING * * *
The azure jelly hits you but does no damage. x3
You impale the large slime creature!! You burn the large slime creature!
The large slime creature is almost dead.
You block the quicksilver ooze's attack.
The quicksilver ooze hits you but does no damage.
Two slime creatures merge to form a very large slime creature.
You puncture the very large slime creature!
You burn the very large slime creature.
The very large slime creature is severely wounded.
The quicksilver ooze hits you. The quicksilver ooze engulfs you!
The quicksilver ooze hits you but does no damage.
The azure jelly hits you but does no damage.
The azure jelly hits you.
* * * LOW HITPOINT WARNING * * *
The azure jelly freezes you! You resist.
You die...

* , , ,,, .##.
..., * , ** *
,*,, , ♣.......♣
** , ,
,,♣............
*** , ,
,*#♣.♣♣.♣♣.♣....*
, , *,
*♣#♣♣#..........,
, *
♣♣#♣...........*
* ,,
♣♣♣♣.<...<♣...# ,
♣♣#♣♣J.......♣ *
* ♣♣#♣@J.....♣.♣
* * ,
♣♣♣♣YJ.<....♣#**
, , #♣♣♣♣.......♣
{, ,
♣♣♣♣#...♣..#♣ *
,, #♣#♣......♣♣
** *, ♣#.....♣#♣#
*,,, , ♣♣.#♣♣#♣♣#
*, ,, , ♣♣* , , *
,, ,


You could see an azure jelly (ally target), a very large slime creature, a
quicksilver ooze and a friendly ice beast (summoned).

Vanquished Creatures
  Dissolution (Slime:2)
  Mlioglotl (Spider:2)
  A kraken (Shoals:2)
  Polyphemus (Shoals:2)
  3 acid blobs (Slime:1)
  Gastronok (D:12)
  Donald (Spider:1)
  An azure jelly (Slime:2)
  Ilsuiw (Shoals:4)
  An orc warlord (Bailey)
  The ghost of osoart the Severer, a journeyman MiGl of Uskayaw (Shoals:1)
  3 ghost moths (Spider:4)
  An emperor scorpion (Spider:4)
  2 quicksilver oozes
  Nessos (D:14)
  2 spark wasps
  Azrael (Spider:1)
  2 entropy weavers
  A minotaur (Gauntlet)
  6 merfolk javelineers
  7 merfolk impalers
  The ghost of BillyBaka the Cleaver, a journeyman MiFi of Okawaru (D:10)
  3 hydras
  A great orb of eyes (Slime:2)
  3 merfolk avatars
  A jorogumo (Spider:2)
  2 catoblepae
  2 boulder beetles
  A radroach (Spider:2)
  2 centaur warriors (D:13)
  2 dancing weapons (D:13)
  A two-headed ogre (D:12)
  A death knight (D:14)
  12 merfolk aquamancers
  3 satyrs
  15 slime creatures
  6 death yaks
  An orc high priest (Orc:2)
  The ghost of hbarley the Cleaver, a novice HOFi of Elyvilon (D:9)
  2 sixfirhies (Gauntlet)
  Amaemon (D:8)
  8 pharaoh ants
  A skeletal warrior (D:13)
  10 sea snakes (Shoals:4)
  3 steelbarb worms
  2 orc knights
  10 orb spiders
  3 wizards
  A necromancer (D:15)
  22 harpies
  A wolf spider zombie (D:13)
  A phantasmal warrior (D:15)
  A fire giant zombie (D:15)
  10 wolf spiders
  3 deep elf pyromancers
  A shining eye (Slime:1)
  3 orc sorcerers (Orc:2)
  4 cyclopes
  A moth of wrath (Spider:4)
  6 ugly things
  7 fauns
  9 manticores
  3 centaur zombies (D:13)
  A guardian serpent (Lair:5)
  3 elephants (Lair:2)
  4 black mambas
  11 merfolk sirens
  4 torpor snails
  4 molten gargoyles (D:13)
  7 water nymphs
  A gargoyle (D:12)
  An eye of devastation (Slime:1)
  13 demonic crawlers
  A minotaur zombie (Gauntlet)
  6 rime drakes
  5 komodo dragons
  8 cane toads
  3 unseen horrors
  3 freezing wraiths (D:14)
  3 tengu conjurers (D:13)
  35 merfolk
  6 trolls
  3 meliai
  9 wind drakes
  8 hornets
  A polar bear (Lair:3)
  16 tarantellas
  3 dream sheep
  14 snapping turtles
  29 jumping spiders
  2 spriggans (D:9)
  15 culicivoras
  2 small abominations (Gauntlet)
  A spriggan skeleton (D:15)
  Eustachio (D:4)
  9 water elementals
  3 large abominations (Gauntlet)
  5 shadows (D:13)
  29 yaks
  2 wraiths
  2 fire elementals (Spider:1)
  5 wyverns
  4 basilisks
  35 redbacks
  5 steam dragons
  6 vampire mosquitoes
  2 wargs
  3 acid dragons
  6 hell hounds (Spider:1)
  9 water moccasins
  2 sky beasts (D:8)
  28 orc warriors
  3 black bears
  3 ice beasts
  5 ogres
  9 wolves (Lair:2)
  3 centaurs
  Blork the orc (D:5)
  5 bullfrogs
  A kobold brigand (D:7)
  A gnoll sergeant (D:6)
  3 scorpions
  7 killer bees
  2 electric eels
  7 howler monkeys
  A lava snake (D:7)
  8 jellies
  A gnoll bouda (D:9)
  A hound (D:5)
  12 orc priests
  2 iguanas
  24 orc wizards
  13 gnolls
  9 adders
  4 river rats (D:7)
  A white imp (D:5)
  An ufetubus (D:5)
  2 worms
  A dart slug (D:3)
  53 orcs
  11 ball pythons
  11 endoplasms
  5 giant cockroaches
  14 goblins
  16 hobgoblins
  5 quokkas
  7 bats
  4 frilled lizards
  15 kobolds
  21 rats
  A fire vortex (D:13)
  A tentacle (Shoals:2)
882 creatures vanquished.

Vanquished Creatures (collateral kills)
  Arachne (Spider:2)
  Frances (Spider:1)
  An orc warlord (Orc:2)
  An emperor scorpion (Spider:4)
  A quicksilver ooze (Slime:1)
  3 boulder beetles
  The ghost of tehphobia the Artisan of Death, a journeyman DsNe of Kikubaaqudgha (D:10)
  A hydra (Lair:2)
  A centaur warrior (D:13)
  2 alligator snapping turtles
  2 two-headed ogres
  2 merfolk avatars (Shoals:3)
  A merfolk aquamancer (Shoals:1)
  4 death yaks
  9 sea snakes
  4 skeletal warriors
  A sun moth (Spider:2)
  A pharaoh ant (Spider:2)
  A spark wasp zombie (D:15)
  4 steelbarb worms
  2 orb spiders
  An orc knight (Bailey)
  3 deep elf pyromancers
  9 manticores
  2 orc sorcerers
  5 cyclopes (D:13)
  2 wolf spiders
  A faun (Shoals:1)
  2 ugly things
  Maurice (D:8)
  3 black mambas
  A water nymph (Shoals:4)
  A guardian serpent (shapeshifter) (D:14)
  2 merfolk sirens
  A gargoyle (D:13)
  8 cane toads
  An orange demon (D:8)
  2 demonic crawlers
  3 komodo dragons
  A rime drake (Shoals:4)
  A tengu conjurer (D:13)
  4 merfolk
  A meliai (Spider:2)
  4 trolls
  2 wind drakes
  5 tarantellas
  12 slime creatures
  5 dream sheep (Lair:5)
  2 snapping turtles (Shoals:1)
  3 jumping spiders
  7 water elementals
  A spriggan (D:9)
  15 yaks
  4 wyverns
  7 culicivoras
  2 basilisks
  16 redbacks
  2 vampire mosquitoes
  A warg (Orc:2)
  An acid dragon (D:10)
  13 water moccasins
  10 orc warriors
  2 black bears
  A floating eye zombie (D:15)
  2 wolves (Lair:2)
  3 ogres
  3 centaurs
  2 bullfrogs (Lair:3)
  A gnoll sergeant (D:8)
  A small abomination (Gauntlet)
  6 killer bees
  4 howler monkeys
  An electric eel (D:12)
  A hound (D:7)
  8 orc priests
  7 orc wizards
  3 gnolls (D:9)
  29 orcs
  A goblin (Bailey)
  2 rats
288 creatures vanquished.

Vanquished Creatures (others)
  A water elemental (Shoals:1)
  An orc wizard (Orc:2)
  A demonic plant (Gauntlet)
  33 fungi
  82 plants
  4 tentacles (Shoals:2)
  10 withered plants
132 creatures vanquished.

Grand Total: 1302 creatures vanquished

Notes
Turn   | Place    | Note
-------+----------+-------------------------------------------
     0 | D:1      | shadowmeld the Djinni Ice Elementalist began the quest for
                  | the Orb.
     0 | D:1      | shadowmeld set off with the following spells memorised:
                  | Freeze, Frozen Ramparts, Ozocubu's Armour, Hailstorm.
     0 | D:1      | Reached XP level 1. HP: 15/15 MP: 0/0
   222 | D:1      | Reached XP level 2. HP: 12/21 MP: 0/0
   758 | D:1      | Reached XP level 3. HP: 20/26 MP: 0/0
   758 | D:1      | Learned a level 1 spell: Necrotise
   778 | D:1      | Found a faded altar of an unknown god.
  1426 | D:2      | Reached skill level 4 in Spellcasting
  1437 | D:2      | Reached XP level 4. HP: 24/31 MP: 0/0
  1768 | D:2      | Reached skill level 1 in Fighting
  2330 | D:3      | Reached XP level 5. HP: 23/37 MP: 0/0
  2330 | D:3      | Learned a level 2 spell: Static Discharge
  3244 | D:4      | Reached XP level 6. HP: 15/42 MP: 0/0
  3443 | D:4      | Found a staircase to the Ecumenical Temple.
  3458 | Temple   | Entered the Ecumenical Temple
  3484 | Temple   | Became a worshipper of Ashenzari the Shackled
  3546 | D:4      | Reached skill level 5 in Spellcasting
  3550 | D:4      | Identified the +5 spear of Nurib {protect, rPois Str+4
                  | Int-2 Dex+3}
  3715 | D:4      | Noticed Eustachio
  3733 | D:4      | Killed Eustachio
  4390 | D:4      | Reached XP level 7. HP: 46/49 MP: 0/0
  4390 | D:4      | Learned a level 3 spell: Confusing Touch
  4468 | D:5      | Entered Level 5 of the Dungeon
  4712 | D:5      | Noticed Blork the orc
  4725 | D:5      | Killed Blork the orc
  4726 | D:5      | Reached skill level 6 in Spellcasting
  5253 | D:5      | Reached * piety under Ashenzari
  5395 | D:5      | Reached XP level 8. HP: 32/56 MP: 0/0
  5746 | D:6      | Reached skill level 7 in Spellcasting
  6227 | D:6      | Found a sacrificial altar of Ru.
  6519 | D:6      | Reached XP level 9. HP: 59/62 MP: 0/0
  6519 | D:6      | Learned a level 4 spell: Summon Ice Beast
  6530 | D:6      | Reached ** piety under Ashenzari
  6535 | D:6      | Found a hazy altar of Hepliaklqana.
  6560 | D:6      | Reached skill level 1 in Polearms
  6560 | D:6      | Reached skill level 8 in Spellcasting
  6868 | D:7      | Found a shadowy altar of Dithmenos.
  7387 | D:7      | Reached skill level 5 in Dodging
  7865 | D:8      | Noticed Amaemon
  7865 | D:8      | Noticed an orange demon
  7874 | D:8      | Killed an orange demon
  7875 | D:8      | Reached skill level 9 in Spellcasting
  7879 | D:8      | Killed Amaemon
  7880 | D:8      | Reached XP level 10. HP: 50/72 MP: 0/0
  8195 | D:8      | Reached skill level 10 in Spellcasting
  8537 | D:8      | Found Natrargh's Weapon Emporium.
  8797 | D:8      | Noticed Maurice
  8806 | D:8      | Killed Maurice
  9052 | D:9      | Found a runed translucent door.
  9053 | D:9      | Noticed hbarley's ghost (novice HOFi)
  9057 | D:9      | Identified the +8 trident of Bile {flame, Str+6}
  9168 | D:9      | Reached *** piety under Ashenzari
  9539 | D:9      | Reached skill level 11 in Spellcasting
  9541 | D:9      | Reached XP level 11. HP: 70/79 MP: 0/0
  9541 | D:9      | Learned a level 5 spell: Alistair's Intoxication
  9893 | D:9      | Reached skill level 5 in Fighting
  9898 | D:9      | Killed hbarley's ghost
  9899 | D:9      | Reached skill level 1 in Armour
 10079 | D:10     | Entered Level 10 of the Dungeon
 10168 | D:10     | Found a flagged portal.
 10339 | D:10     | Reached skill level 12 in Spellcasting
 10339 | D:10     | Reached XP level 12. HP: 93/93 MP: 0/0
 10374 | Bailey   | Entered a bailey
 10938 | Bailey   | Reached skill level 13 in Spellcasting
 11047 | Bailey   | Noticed an orc warlord
 11058 | Bailey   | Killed an orc warlord
 11102 | Bailey   | Reached XP level 13. HP: 81/106 MP: 0/0
 11102 | Bailey   | Learned a level 5 spell: Summon Forest
 11285 | D:10     | Found a runed translucent gate.
 11286 | D:10     | Found a runed translucent gate.
 11287 | D:10     | Found a runed translucent gate.
 11288 | D:10     | Noticed tehphobia's ghost (journeyman DsNe)
 11289 | D:10     | Noticed BillyBaka's ghost (journeyman MiFi)
 11290 | D:10     | Identified Sif Muna's Secrets of the Traveller
 11321 | D:10     | Killed tehphobia's ghost
 11333 | D:10     | Killed BillyBaka's ghost
 11626 | D:10     | Reached **** piety under Ashenzari
 11865 | D:10     | Found a sparkling altar of Nemelex Xobeh.
 12049 | D:11     | Noticed a boulder beetle
 12068 | D:11     | Killed a boulder beetle
 12073 | D:11     | Found a staircase to the Lair.
 12304 | D:11     | Found a staircase to the Orcish Mines.
 12308 | D:11     | Reached XP level 14. HP: 107/115 MP: 0/0
 12657 | D:11     | Reached ***** piety under Ashenzari
 12764 | D:11     | Reached skill level 14 in Spellcasting
 13238 | D:12     | Noticed Gastronok
 13244 | D:12     | Killed Gastronok
 13375 | D:12     | Found Zuquf's Antique Armour Shop.
 14146 | Lair:1   | Entered Level 1 of the Lair of Beasts
 14193 | Lair:1   | Found a gate leading to a gauntlet.
 14203 | Gauntlet | Entered a Gauntlet
 14203 | Gauntlet | Found a transporter.
 14206 | Gauntlet | Found a transporter.
 14215 | Gauntlet | Found a transporter.
 14215 | Gauntlet | Found a transporter.
 14239 | Gauntlet | Found a transporter.
 14281 | Gauntlet | Found a transporter.
 14281 | Gauntlet | Found a transporter.
 14291 | Gauntlet | Identified the +3 helmet of Giastump {rCorr}
 14291 | Gauntlet | Found a transporter.
 14291 | Gauntlet | Found a transporter.
 14363 | Gauntlet | Found a transporter.
 14365 | Gauntlet | Noticed a quicksilver ooze
 14382 | Gauntlet | Found a transporter.
 14382 | Gauntlet | Found a transporter.
 14382 | Gauntlet | Found a transporter.
 14388 | Gauntlet | Killed a quicksilver ooze
 14399 | Gauntlet | Found a runed translucent door.
 14400 | Gauntlet | Found a runed translucent door.
 14402 | Gauntlet | Found a transporter.
 14505 | Gauntlet | Noticed a minotaur
 14519 | Gauntlet | Killed a minotaur
 14520 | Gauntlet | Reached skill level 15 in Spellcasting
 14744 | Gauntlet | Found the +7 captain's cutlass {speed, disarm}
 16392 | Lair:2   | Found a hole to the Spider Nest.
 16991 | Lair:2   | Found a staircase to the Shoals.
 17009 | Lair:2   | Reached XP level 15. HP: 48/126 MP: 0/0
 17009 | Lair:2   | Learned a level 6 spell: Eringya's Noxious Bog
 18679 | Lair:4   | Found a basalt altar of Yredelemnul.
 19205 | Lair:5   | Entered Level 5 of the Lair of Beasts
 19477 | Lair:5   | Reached skill level 16 in Spellcasting
 19487 | Lair:5   | HP: 1/126 [death yak (20)]
 20237 | Lair:5   | Identified the +3 halberd of Fimbulwinter {vorpal, rN+
                  | Will++ Str-5}
 21085 | Lair:5   | Found a viscous altar of Jiyva.
 21086 | Lair:5   | Found a staircase to the Slime Pits.
 21971 | Orc:1    | Entered Level 1 of the Orcish Mines
 22310 | Orc:2    | Entered Level 2 of the Orcish Mines
 22434 | Orc:2    | Found a staircase to the Elven Halls.
 22437 | Orc:2    | Reached XP level 16. HP: 98/130 MP: 0/0
 22925 | Orc:2    | Reached skill level 17 in Spellcasting
 23001 | Orc:2    | HP: 5/129 [orc priest/divine providence (13)]
 24099 | Orc:2    | Found Zuosch Koja's Weapon Emporium.
 24099 | Orc:2    | Found Asyst's Weapon Emporium.
 24103 | Orc:2    | Found Quissun's Jewellery Shoppe.
 24103 | Orc:2    | Found Fiezeawn's Antique Armour Shoppe.
 24136 | Orc:2    | Bought a +6 ring of intelligence for 576 gold pieces
 24136 | Orc:2    | Bought an amulet of regeneration for 480 gold pieces
 24137 | Orc:2    | Bought a glowing troll leather armour for 504 gold pieces
 24679 | D:13     | Identified the ring of Kustraemi {rC+ Will+ Int-5 Dex+6}
 25333 | D:13     | Identified the Commentary on the Birds and Metamorphosis
 25338 | D:13     | Identified the Discursus on the Glacier and Impurities
 25338 | D:13     | Identified the Compendium of Frigorific Direction
 25716 | D:13     | Found a gate to the Vaults.
 25830 | D:13     | Reached skill level 10 in Dodging
 26230 | D:14     | Reached skill level 5 in Armour
 26259 | D:14     | Reached skill level 18 in Spellcasting
 26380 | D:14     | Noticed Nessos
 26410 | D:14     | Killed Nessos
 26636 | D:14     | Reached XP level 17. HP: 132/139 MP: 0/0
 26636 | D:14     | Learned a level 7 spell: Enfeeble
 26804 | D:15     | Entered Level 15 of the Dungeon
 26922 | D:15     | Found Niustrae's Magic Scroll Shop.
 26930 | D:15     | Bought a scroll of acquirement for 936 gold pieces
 26930 | D:15     | Acquired 816 gold pieces
 27044 | D:15     | Reached skill level 1 in Shields
 27045 | D:15     | Found a staircase to the Depths.
 27702 | Spider:1 | Entered Level 1 of the Spider Nest
 27828 | Spider:1 | Noticed Donald
 27850 | Spider:1 | HP: 5/141 [Donald/+0 broad axe (29)]
 27858 | Spider:1 | Killed Donald
 28212 | Spider:1 | Noticed Azrael
 28220 | Spider:1 | Killed Azrael
 28546 | Spider:1 | Noticed Frances
 28556 | Spider:1 | Killed Frances
 29211 | Spider:2 | Noticed Arachne
 29225 | Spider:2 | Killed Arachne
 29398 | Spider:2 | Reached ****** piety under Ashenzari
 29473 | Spider:2 | Noticed Mlioglotl
 29513 | Spider:2 | HP: 5/148 [large abomination[Mlioglotl] (7)]
 29519 | Spider:2 | Killed Mlioglotl
 29918 | Spider:3 | Reached XP level 18. HP: 86/147 MP: 0/0
 30040 | Spider:3 | HP: 6/154 [demonic crawler (3)]
 31030 | Spider:4 | Entered Level 4 of the Spider Nest
 31222 | Spider:4 | Reached skill level 19 in Spellcasting
 32002 | Spider:4 | Reached skill level 5 in Polearms
 32374 | Spider:4 | Got a gossamer rune of Zot
 32541 | Shoals:1 | Entered Level 1 of the Shoals
 32568 | Shoals:1 | Found a flickering gateway to a bazaar.
 32602 | Bazaar   | Entered a bazaar
 32615 | Bazaar   | Found Moadeuf's Book Shoppe.
 32615 | Bazaar   | Found Xoeblema's Armour Emporium.
 32659 | Bazaar   | Found Imategut's Jewellery Emporium.
 32768 | Shoals:1 | HP: 4/154 [water nymph/the raging water (18)]
 32775 | Shoals:1 | HP: 6/154 [sea snake (5)]
 33388 | Shoals:1 | Reached XP level 19. HP: 114/160 MP: 0/0
 33388 | Shoals:1 | Learned a level 6 spell: Death Channel
 33684 | Shoals:1 | Found a runed translucent gate.
 33684 | Shoals:1 | Found a runed translucent gate.
 33684 | Shoals:1 | Found a runed translucent gate.
 33701 | Shoals:1 | Noticed osoart's ghost (journeyman MiGl)
 33703 | Shoals:1 | Identified the +4 morningstar of Dim Light {holy, rPois
                  | Str-3 Dex+7}
 33760 | Shoals:1 | Killed osoart's ghost
 34339 | Shoals:2 | Found Duptajemae's Specific Store.
 34350 | Shoals:2 | Found Zubucs's General Store.
 34350 | Shoals:2 | Noticed Polyphemus
 34530 | Shoals:2 | Killed Polyphemus
 34825 | Shoals:2 | Bought a potion of heal wounds for 90 gold pieces
 35408 | Shoals:3 | Reached skill level 5 in Shields
 35871 | Shoals:3 | Reached skill level 20 in Spellcasting
 36135 | Shoals:4 | Entered Level 4 of the Shoals
 36147 | Shoals:4 | Reached skill level 15 in Fighting
 36310 | Shoals:4 | Got a barnacled rune of Zot
 36502 | Shoals:4 | Reached XP level 20. HP: 144/167 MP: 0/0
 37210 | Shoals:4 | Noticed Ilsuiw
 37225 | Shoals:4 | Killed Ilsuiw
 37252 | Shoals:4 | Identified the ring of Circularity {rC+ Will+ Int+2}
 37524 | Slime:1  | Entered Level 1 of the Pits of Slime
 37863 | Slime:1  | Gained mutation: You are frail. (-10% HP) [a shining eye]
 38071 | Slime:2  | Noticed Dissolution
 38078 | Slime:2  | Paralysed by a floating eye for 2 turns
 38085 | Slime:2  | Paralysed by a floating eye for 3 turns
 38092 | Slime:2  | Killed Dissolution
 38099 | Slime:2  | HP: 4/234 [azure jelly (16)]
 38101 | Slime:2  | Mangled by an azure jelly

Illustrated notes

Levels and vault maps discovered:
D:1:      dpeg_arrival_stone_temple_mockup, layout_basic,
          shapermc_ecumenical_altar_acropolis
D:2:      layout_loops_ring, minmay_puff
D:3:      layout_basic, chequers_decorated_corner, corexii_hall_statues_l,
          minmay_circle_x
D:4:      layout_basic, minmay_temple_entry_stoned_glass, uniq_eustachio
D:5:      layout_rooms, grunt_decor_fettered, uniq_blork_the_orc
D:6:      layout_rooms, mainiacjoe_overflow_cross_hatched,
          nicolae_ru_great_annihilating_truth
D:7:      layout_rooms, nicolae_dithmenos_the_darkroom,
          kennysheep_pointless_box, dk_rats_in_the_wall
D:8:      layout_loops_cross, serial_shops, shop, serial_glass, glass_columns_a,
          glass_columns_b, glass_columns_a, glass_columns_b, glass_columns_b,
          glass_columns_a, minmay_misc_feat_diagonals, uniq_amaemon,
          uniq_maurice
D:9:      layout_irregular_city, ebering_ghost_funeral_grove
D:10:     layout_stronghold, nemelex_diamond_rough_becter,
          gammafunk_ghost_cemetery, enter_bailey_8
D:11:     layout_basic, dpeg_oklobed_lair, david_orc_3
D:12:     layout_basic, serial_shops, shop, grunt_ministairs_1,
          kennysheep_generic_room_15, uniq_gastronok
D:13:     minmay_the_grid_square_5x5_4x4_mashed [minmay_the_grid_square_5x5_six,
          minmay_the_grid_square_5x5_shuriken,
          minmay_the_grid_square_5x5_moneybag,
          minmay_the_grid_square_5x5_tetrominoes,
          minmay_the_grid_square_5x5_n_small,
          minmay_the_grid_square_5x5_prize_waves,
          minmay_the_grid_square_5x5_prize_snowflake,
          minmay_the_grid_square_5x5_two,
          minmay_the_grid_square_5x5_beaten_path,
          minmay_the_grid_square_5x5_prize_rear_guard,
          minmay_the_grid_square_5x5_prize_deathbox,
          minmay_the_grid_square_5x5_v, minmay_the_grid_square_5x5_meh,
          minmay_the_grid_square_5x5_inner_z,
          minmay_the_grid_square_5x5_checkered_statues,
          minmay_the_grid_square_5x5_sharp_hourglass], layout_layer_cave,
          erik_vaults_1, serial_undead, serial_undead_f, serial_undead_a,
          serial_undead_f, serial_undead_b, minivault_8
D:14:     layout_rooms, minmay_misc_feat_cross, uniq_nessos
D:15:     gammafunk_depths_entry_grave, layout_long_grid, hex_medium,
          serial_shops, nicolae_shop_crystal
Temple:   compressed_dpeg_circular_temple
Lair:1:   layout_regular_city, gauntlet_entry_generic, minivault_26,
          chequers_serial_rivers_micro_c
Lair:2:   layout_loops_ring, elwin_shoals_entry_stream,
          spider_nest_entry_rubble, portal_ice_cave_entry_pillars_1
Lair:3:   layout_loops_ring, grunt_megastairs_5, lemuel_fruit_fields
Lair:4:   layout_cellular_growth, basic_altar
Lair:5:   hangedman_lair_tendril_chambers, layout_hall_layers,
          dpeg_slime_entry_enclosed
Shoals:1: cheibrodos_shoals_oceanic_diplomacy, layout_shoals, serial_shops,
          bzr_entry_customers, ebering_ghost_rock_garden,
          nicolae_shoals_aquamancer_cove
Shoals:2: layout_shoals, nicolae_specific_store, uniq_polyphemus
Shoals:3: layout_shoals
Shoals:4: shoals_end_simple, layout_shoals, shoals_ilsuiw_alternative,
          nicolae_shoals_drake_roost
Spider:1: layout_chambers, hangedman_spider_tarantella_strand, uniq_frances,
          uniq_donald, uniq_azrael
Spider:2: layout_spider_delve, nicolae_spider_checkerboard, uniq_mlioglotl,
          uniq_arachne
Spider:3: layout_cave_pods, hangedman_spider_mandibles
Spider:4: spider_rune_water, drop_trap, nicolae_spider_nook
Slime:1:  layout_caves
Slime:2:  layout_caves, special_room [special_room_jelly], dissolution_awaits
Orc:1:    layout_caves, nicolae_orc_sculptors_studio
Orc:2:    st_orc_mages, layout_diamond_mine, library_closet

Skill      XL: |  1  2  3  4  5  6  7  8  9 10 11 12 13 14 15 16 17 18 19 20 |
---------------+-------------------------------------------------------------+-----
Spellcasting   | 4 5 6 7 9 11 12 13 15 16 18 19 20 | 20.6
Fighting       | 1 2 3 4 8 11 12 13 14 15 | 15.3
Dodging        | 3 4 5 6 7 8 9 10 11 12 13 | 13.5
Polearms       | 1 2 4 5 6 |  6.7
Armour         | 1 3 4 5 6 7 8 9 |  9.0
Shields        | 3 4 5 |  5.9
Stealth        | |  1.5

Action                   |  1- 3 |  4- 6 |  7- 9 | 10-12 | 13-15 | 16-18 | 19-21 || total
-------------------------+-------+-------+-------+-------+-------+-------+-------++-------
Melee: Unarmed           |     1 |       |       |       |       |       |       ||     1
       Spear             |       |    10 |    26 |     3 |       |       |       ||    39
       Trident           |       |       |       |       |    47 |   525 |   226 ||   798
       Punch             |       |       |       |       |     2 |       |       ||     2
 Cast: Freeze            |    33 |    29 |    49 |    54 |   290 |   240 |    31 ||   726
       Necrotise         |    17 |    90 |    64 |    78 |   110 |    21 |     2 ||   382
       Frozen Ramparts   |       |     3 |    13 |    14 |    41 |    18 |     3 ||    92
       Static Discharge  |       |     1 |     1 |     2 |     2 |     2 |       ||     8
       Ozocubu's Armour  |       |       |     3 |     1 |     6 |     3 |       ||    13
       Hailstorm         |       |       |     7 |    19 |    98 |   288 |   250 ||   662
       Summon Ice Beast  |       |       |     5 |    19 |    93 |    99 |    51 ||   267
       Summon Forest     |       |       |       |       |     2 |     4 |     1 ||     7
       Confusing Touch   |       |       |       |       |     1 |       |       ||     1
       Alistair's Intoxi |       |       |       |       |       |     1 |       ||     1
       Enfeeble          |       |       |       |       |       |     2 |     1 ||     3
Invok: Curse Item        |       |     1 |     2 |     3 |     4 |     3 |     1 ||    14
       Shatter the Chain |       |       |       |     1 |     2 |     2 |       ||     5
Evoke: Lightning rod     |       |       |       |       |     3 |       |       ||     3
       Wand              |       |       |       |       |       |       |     2 ||     2
  Use: Scroll            |       |       |     8 |       |     4 |    10 |     2 ||    24
       Potion            |       |       |     2 |     2 |     7 |    21 |     5 ||    37
 Stab: Distracted        |       |       |       |       |     2 |     7 |     3 ||    12
       Invisible         |       |       |       |       |       |     1 |       ||     1
Armor: Robe              |     6 |     9 |    15 |     4 |       |       |       ||    34
       Acid dragon scale |       |       |       |     5 |     2 |       |       ||     7
       Troll leather arm |       |       |       |       |    24 |       |       ||    24
       Plate armour      |       |       |       |       |   199 |   898 |   301 ||  1398
Dodge: Dodged            |    18 |    25 |    60 |    45 |   275 |   438 |   152 ||  1013
Block: Buckler           |       |       |       |       |       |   461 |   200 ||   661
